Map: Acid Plant LE

Players

MMA - Winner!

  • Race: Terran Terran
  • Spawn Location: 11:00

DeMusliM

  • Race: Terran Terran
  • League: Master
  • Spawn Location: 5:00

Event: HomeStory Cup XVII

VOD

Have the link to the VOD?

Description

Time

  • Played on: June 29, 2018, 9:29 a.m.
  • Length: 15:25

All games in this series

Show
View Real Time Build Order
Export as new Build Order

MMA Terran - Winner!

Build Orders: Cyclone Opening, Gas First Reaper Expand, Reaper Expand, Mech 

Get SALT Encoding   

  12  0:00  SCV  
  13  0:13  SCV  
  14  0:17  Supply Depot  
  14  0:25  SCV  
  15  0:28  Refinery  
  15  0:39  SCV  
  16  0:44  Barracks  
  16  0:51  SCV  
  17  1:03  SCV  
  18  1:15  SCV  
  19  1:31  Orbital Command  
  19  1:32  Reaper  
  20  1:41  Command Center  
  20  1:52  Factory  
  20  1:57  SCV  
  21  2:02  Refinery  
  21  2:05  Barracks Reactor  
  21  2:09  SCV  
  21  2:15  Supply Depot  
  22  2:21  SCV  
  23  2:37  Cyclone, SCV  
  27  2:42  Marine x2  
  29  2:49  SCV  
  30  2:53  Orbital Command  
  30  3:01  SCV  
  30  3:02  Marine x2  
  33  3:10  Cyclone  
  36  3:13  SCV  
  36  3:14  Bunker  
  36  3:21  SCV  
  36  3:26  SCV  
  38  3:33  Supply Depot  
  38  3:34  SCV  
  39  3:38  SCV  
  40  3:46  SCV  
  41  3:50  SCV  
  41  3:52  Command Center  
  41  3:55  Cyclone  
  45  3:57  Cyclone  
  45  4:01  SCV  
  45  4:02  SCV  
  50  4:03  Supply Depot  
  50  4:07  Refinery  
  50  4:08  Refinery  
  50  4:13  SCV  
  50  4:14  SCV  
  52  4:25  SCV  
  52  4:26  SCV  
  52  4:27  Barracks Tech Lab  
  54  4:31  Starport  
  54  4:35  Armory  
  54  4:38  Armory, SCV  
  54  4:39  SCV  
  56  4:50  SCV  
  56  4:51  SCV  
  58  5:02  SCV  
  58  5:03  SCV  
  60  5:07  Medivac  
  60  5:09  Medivac  
  64  5:14  SCV  
  64  5:15  SCV  
  64  5:20  Siege Tank  
  65  5:26  Orbital Command  
  65  5:27  SCV x2  
  65  5:28  Terran Vehicle And Ship Armor Level 1, Terran Vehicle Weapons Level 1  
  67  5:31  Supply Depot  
  67  5:38  Factory  
  67  5:39  SCV x2  
  67  5:42  Barracks Tech Lab  
  69  5:45  Factory  
  69  5:48  Orbital Command  
  69  5:51  SCV  
  69  5:53  Starport Reactor, Engineering Bay  
  69  5:55  Refinery  
  69  5:56  Hellion  
  72  5:59  Refinery, SCV  
  72  6:03  SCV  
  74  6:11  SCV  
  74  6:15  SCV  
  73  6:20  Hellion  
  73  6:21  SCV, Barracks Reactor  
  73  6:23  SCV  
  73  6:24  Factory  
  77  6:26  Factory  
  77  6:27  SCV  
  77  6:28  Supply Depot  
  77  6:29  Supply Depot  
  78  6:33  SCV  
  78  6:38  Siege Tank  
  78  6:39  Hellion  
  84  6:41  SCV  
  84  6:46  Supply Depot  
  85  6:49  Siege Tank, SCV x2  
  85  6:50  Hellion  
  85  6:51  Viking x2  
  96  6:55  SCV  
  97  7:01  SCV x2  
  97  7:02  Hellion  
  97  7:05  Infernal Pre-Igniter  
  97  7:07  SCV  
  102  7:11  Hellion  
  102  7:13  Siege Tank  
  102  7:14  Factory Tech Lab  
  107  7:18  Supply Depot  
  107  7:21  Supply Depot  
  107  7:22  Terran Vehicle Weapons Level 2, Supply Depot  
  107  7:24  Terran Vehicle And Ship Armor Level 2  
  107  7:33  SCV x2  
  109  7:41  Sensor Tower, Supply Depot  
  109  7:44  Supply Depot  
  109  7:45  Siege Tank  
  109  7:48  Siege Tank  
  115  7:51  Siege Tank  
  115  7:52  Command Center  
  115  7:53  Hellion  
  115  7:55  Hellion  
  115  7:56  Hellion  
  124  8:03  Hellion  
  124  8:04  Supply Depot  
  126  8:07  Supply Depot  
  126  8:09  Supply Depot, Viking  
  126  8:10  Viking  
  126  8:11  Supply Depot  
  130  8:19  Missile Turret  
  130  8:20  Missile Turret  
  130  8:27  Siege Tank x2  
  130  8:30  Siege Tank  
  130  8:32  Sensor Tower  
  139  8:35  Hellion x3  
  145  8:43  Viking x2  
  149  8:52  Missile Turret  
  149  8:54  Missile Turret  
  149  8:59  Hellion  
  149  9:00  Hellion x3  
  157  9:03  Siege Tank  
  157  9:05  Siege Tank  
  157  9:06  Planetary Fortress  
  157  9:09  SCV x2  
  165  9:10  SCV  
  165  9:14  Refinery  
  165  9:16  Refinery  
  166  9:21  SCV  
  166  9:22  SCV x2  
  172  9:33  SCV  
  172  9:34  SCV x2  
  160  9:46  Siege Tank x2  
  160  9:47  Hellion  
  158  10:01  Hellion  
  160  10:08  Factory, Hellion  
  160  10:09  Factory  
  160  10:11  Viking x2  
  160  10:14  Missile Turret, SCV x3  
  168  10:16  Missile Turret  
  168  10:17  Missile Turret  
  168  10:18  Missile Turret, SCV  
  168  10:19  Missile Turret  
  170  10:22  Terran Vehicle And Ship Armor Level 3, Terran Vehicle Weapons Level 3  
  170  10:24  Missile Turret  
  170  10:26  SCV x3  
  173  10:30  SCV  
  173  10:34  Hellion x2  
  178  10:38  Siege Tank, SCV x3  
  178  10:39  Siege Tank  
  178  10:42  SCV  
  188  10:43  Missile Turret  
  188  10:44  Missile Turret  
  188  10:46  Missile Turret  
  188  10:47  Missile Turret  
  188  10:48  Viking  
  190  10:50  Viking  
  190  10:54  Factory Tech Lab  
  190  10:55  Hellion x2  
  196  11:04  Hellion x4  
  196  11:18  Starport  
  196  11:19  Command Center  
  196  11:21  Starport  
  196  11:49  Factory  
  196  11:51  Viking x2  
  196  11:52  Factory  
  196  11:53  Factory  
  196  11:54  Siege Tank  
  195  11:56  Siege Tank  
  195  11:58  Siege Tank  
  195  12:10  Hellion  
  195  12:11  Hellion x2  
  177  12:20  Missile Turret  
  177  12:21  Missile Turret, Viking x2  
  175  12:26  Siege Tank  
  175  12:28  Siege Tank, Hellion  
  169  12:30  Siege Tank, Missile Turret  
  169  12:31  Hellion  
  169  12:34  Missile Turret  
  168  12:37  Missile Turret x2  
  168  12:41  Hellion x2  
  150  12:51  Viking x2  
  150  12:55  Hellion x2  
  150  12:58  Thor  
  160  13:00  Siege Tank  
  163  13:08  Thor  
  163  13:10  Hellion  
  163  13:11  Hellion  
  154  13:21  Viking x2  
  144  13:28  Factory Reactor, Factory Tech Lab x2  
  138  13:36  Missile Turret  
  138  13:37  Thor  
  138  13:38  Cyclone x4  
  138  13:39  Missile Turret  
  138  13:40  Thor  
  162  13:42  Missile Turret  
  162  13:49  Missile Turret  
  162  13:50  Thor  
  162  13:51  Viking x3  
  162  13:52  Viking  
  157  14:04  Thor  
  157  14:05  Hellion x2  
  157  14:06  Cyclone  
  162  14:10  Cyclone  
  159  14:21  Viking x2  
  159  14:22  Cyclone x2  
  159  14:23  Viking x2  
  164  14:29  Hellion x2  
  160  14:33  SCV x2  
  160  14:34  SCV  
  160  14:35  SCV  
  160  14:38  Siege Tank  
  154  14:43  Planetary Fortress  
  146  14:45  SCV x2  
  146  14:46  Cyclone x2  
  146  14:51  Cyclone  
  153  15:04  Refinery  
  153  15:06  Refinery  
Show
View Real Time Build Order
Export as new Build Order

DeMusliM Terran 

Build Orders: Cyclone Opening, MMM Bio 

Get SALT Encoding   

  12  0:00  SCV  
  13  0:12  SCV  
  14  0:18  Supply Depot  
  14  0:24  SCV  
  14  0:28  Refinery  
  15  0:40  SCV  
  16  0:45  Barracks  
  16  0:52  SCV  
  16  0:55  Refinery  
  17  1:04  SCV  
  18  1:16  SCV  
  19  1:33  Orbital Command, Factory  
  19  1:36  Reaper  
  20  1:44  Supply Depot  
  20  1:58  SCV  
  21  2:08  Reaper  
  21  2:10  SCV  
  23  2:18  Cyclone  
  23  2:22  SCV  
  27  2:34  Command Center  
  27  2:36  SCV  
  28  2:46  Starport  
  28  2:48  SCV  
  28  2:51  Barracks Reactor, Factory Tech Lab  
  29  2:57  Supply Depot  
  29  3:01  SCV  
  30  3:14  SCV  
  31  3:26  SCV  
  32  3:28  Raven, Marine  
  32  3:29  Marine  
  36  3:38  SCV  
  37  3:46  Orbital Command, Cyclone, Marine x2  
  40  3:50  SCV  
  41  4:02  SCV  
  42  4:13  SCV  
  42  4:14  SCV  
  44  4:21  Starport Reactor, Command Center  
  44  4:23  Factory Tech Lab  
  44  4:25  SCV  
  44  4:28  Marine  
  44  4:29  SCV  
  47  4:34  Supply Depot  
  47  4:38  SCV  
  48  4:41  SCV  
  48  4:44  Barracks  
  48  4:45  Siege Tank  
  52  4:46  Barracks  
  52  4:51  Marine  
  53  4:55  SCV x2  
  53  4:58  Engineering Bay  
  55  5:03  Engineering Bay  
  55  5:07  SCV x2  
  56  5:10  Refinery  
  56  5:11  Starport Reactor, Refinery  
  53  5:26  SCV x2, Marine  
  54  5:29  Terran Infantry Weapons Level 1  
  54  5:30  Terran Infantry Armor Level 1  
  54  5:35  Marine x2  
  56  5:36  Orbital Command  
  56  5:38  SCV  
  56  5:41  SCV  
  58  5:44  Marine  
  58  5:49  Marine x2  
  59  5:50  SCV  
  59  5:53  SCV  
  59  5:54  Medivac  
  65  5:58  Marine x2  
  65  6:00  Medivac  
  65  6:03  SCV  
  71  6:05  SCV  
  70  6:17  Marine  
  69  6:19  Orbital Command, SCV  
  69  6:20  Barracks Tech Lab  
  69  6:21  Marine x2  
  69  6:22  Marine  
  69  6:23  Siege Tank  
  69  6:25  SCV  
  77  6:30  Barracks  
  77  6:32  Barracks  
  77  6:36  Supply Depot x2  
  77  6:37  SCV x2  
  79  6:43  Marauder, Marine  
  79  6:44  Stimpack  
  79  6:45  SCV  
  83  6:49  SCV x2  
  83  6:50  Supply Depot  
  83  6:51  Armory  
  85  6:58  SCV  
  86  7:02  SCV x2  
  86  7:05  Supply Depot x2  
  88  7:09  Marine  
  88  7:10  Marauder, SCV, Marine x2  
  88  7:12  Marine  
  88  7:14  SCV x2  
  97  7:18  Barracks Tech Lab  
  97  7:19  Barracks Tech Lab  
  97  7:22  Supply Depot, SCV  
  98  7:26  SCV x2, Medivac  
  98  7:27  Medivac  
  104  7:32  Supply Depot  
  104  7:34  SCV  
  103  7:37  Combat Shield  
  103  7:38  Concussive Shells  
  103  7:39  Terran Infantry Armor Level 2, Terran Infantry Weapons Level 2  
  103  7:41  SCV  
  103  7:43  SCV  
  105  7:52  Marauder x3  
  105  7:54  SCV x2  
  105  7:55  SCV  
  105  7:57  Refinery  
  105  7:58  Refinery  
  113  8:06  Marine x2  
  113  8:07  Marine x2  
  113  8:08  Medivac  
  113  8:09  Medivac  
  113  8:10  SCV  
  113  8:11  SCV  
  113  8:12  SCV  
  124  8:13  Marauder x3  
  130  8:21  Siege Tank, Supply Depot  
  130  8:23  Supply Depot  
  130  8:25  Marine x2  
  135  8:31  Supply Depot  
  135  8:32  Supply Depot  
  135  8:34  Marauder, Sensor Tower  
  135  8:36  Marauder, Marine x2  
  141  8:43  Marauder, Marine, Medivac  
  141  8:44  Supply Depot  
  146  8:49  Marine  
  146  8:52  Medivac  
  149  8:56  Marauder  
  149  8:58  Marauder  
  149  8:59  Marine  
  149  9:00  Marine  
  149  9:02  Marine  
  156  9:05  Marauder  
  156  9:07  Supply Depot  
  158  9:10  Supply Depot  
  158  9:12  Command Center  
  158  9:14  Marine  
  158  9:16  Starport  
  158  9:17  Marauder, Medivac  
  161  9:19  Marauder, Terran Vehicle And Ship Armor Level 1  
  161  9:22  Marine  
  161  9:23  Medivac  
  168  9:26  Marauder  
  170  9:37  Marine x2  
  172  9:39  Marauder  
  172  9:40  Marauder  
  171  9:45  Marine  
  171  9:47  Marauder  
  171  9:48  Marine  
  138  9:55  Siege Tank, Marine x2, Medivac x2  
  141  10:00  Marauder  
  141  10:02  Marauder  
  141  10:03  Starport Reactor, Marine  
  141  10:06  Marine  
  147  10:09  Marauder  
  147  10:12  Marine  
  147  10:14  Terran Infantry Weapons Level 3  
  150  10:21  Marauder  
  150  10:23  Marauder, Marine x2  
  150  10:26  Barracks x3  
  150  10:28  Marine  
  157  10:30  Marauder, Viking x2  
  163  10:36  SCV  
  163  10:40  Viking x2  
  168  10:43  Marauder  
  168  10:45  Terran Infantry Armor Level 3  
  168  10:46  SCV x2  
  168  10:48  SCV  
  173  10:54  Missile Turret, Marine  
  173  10:55  Marauder  
  173  10:56  Marauder  
  178  10:58  SCV  
  178  11:02  Marine  
  178  11:03  Viking  
  182  11:04  Marauder  
  182  11:09  Marine x2  
  182  11:11  Viking  
  188  11:14  Planetary Fortress  
  188  11:16  Marauder  
  190  11:19  Marine  
  190  11:20  Marauder, Barracks Tech Lab  
  190  11:21  Barracks Tech Lab  
  190  11:24  Viking  
  195  11:31  Viking  
  195  11:32  Terran Ship Weapons Level 1  
  197  11:37  Starport  
  197  11:44  Marine  
  197  11:45  Marauder  
  197  11:46  Marauder  
  199  11:55  Marine  
  199  11:57  Marine  
  199  11:58  Marauder  
  199  11:59  Liberator x2  
  194  12:02  SCV x2  
  194  12:05  SCV x2  
  196  12:12  Liberator  
  196  12:14  Liberator  
  155  12:20  Marine  
  155  12:21  Marauder, Marine  
  155  12:22  Marauder, Marine x2  
  150  12:26  Marauder, Marine  
  149  12:30  SCV  
  149  12:33  Marine  
  149  12:34  Orbital Command  
  154  12:39  Marine  
  154  12:40  Marauder  
  154  12:42  Marauder, Marine  
  154  12:43  Marine  
  154  12:44  Marauder  
  127  12:45  SCV x2  
  127  12:49  Marauder, Marine x2  
  123  12:52  Marauder  
  123  12:53  SCV  
  123  12:57  SCV, Marine  
  126  12:59  Marine  
  126  13:01  Marine x2  
  126  13:03  Refinery x2, SCV, Marine  
  126  13:05  Marine  
  127  13:07  Marine x2  
  127  13:11  Marauder  
  119  13:13  Marine  
  119  13:15  Marine  
  119  13:16  Orbital Command  
  119  13:17  Marine  
  119  13:19  Marauder, Marine  
  118  13:20  Viking  
  118  13:21  Marauder  
  118  13:23  Marauder  
  118  13:25  SCV x2, Marine x2  
  118  13:26  SCV  
  123  13:31  Marauder  
  123  13:32  Marine  
  123  13:33  Marine  
  127  13:35  Marine  
  127  13:37  SCV x2, Marine  
  127  13:38  SCV  
  127  13:41  Marauder  
  134  13:42  Marine  
  134  13:43  Marauder  
  134  13:44  Marauder  
  134  13:45  Marine  
  140  13:50  Marauder  
  140  13:51  Marine  
  140  13:52  Marauder  
  140  13:53  Marine  
  140  13:54  Marine  
  147  14:01  Marine  
  147  14:02  Marauder, Marine  
  128  14:04  Marauder  
  128  14:06  Marauder  
  128  14:09  Marine  
  123  14:11  Marauder, Marine  
  123  14:14  Marauder  
  123  14:15  Marine  
  121  14:23  Marauder  
  120  14:26  Marauder, Marine  
  120  14:27  Marauder  
  120  14:28  Marine  
  120  14:31  Marine  
  127  14:33  Marauder  
  127  14:34  Marine  
  127  14:35  Marauder  
  127  14:36  Marine  
  123  14:44  Marine  
  123  14:45  Marauder, Medivac  
  107  14:46  Marine  
  107  14:47  Marauder  
  107  14:48  Marauder, Marine  
  107  14:51  Marine  
  103  14:54  Marauder  
  103  14:55  Marine  
  103  14:57  Marauder  
  98  15:01  Marine  
  98  15:04  Marine  
Tags
 
Add a new tag
Caveats
  • Supply blocks, unpowered buildings, or Contaminate may cause inaccurate times.
  • Supply counts are checked every 10 seconds.